 Dungeon Crawl Stone Soup version 0.25.1-2-g60ff931df9 (webtiles) character file.

Game seed: 16943293396210404746

14427 solopath the Covert (level 11, -10/83 HPs)
             Began as a Demonspawn Berserker on Oct 28, 2020.
             Was a Priest of Dithmenos.
             Mangled by a polar bear (21 damage)
             ... created by the rage of Trog
             ... in an ice cave.
             The game lasted 00:22:34 (11658 turns).

solopath the Covert (Demonspawn Berserker)         Turns: 11658, Time: 00:22:34

Health: -10/83     AC:  9    Str: 16    XL:     11   Next: 88%
Magic:  0/17       EV: 15    Int: 10    God:    Dithmenos [***...]
Gold:   456        SH: 19    Dex: 12    Spells: 16/16 levels left

rFire    . . .     SeeInvis +   E - +12 Vampire's Tooth {vamp}
rCold    . . .     Gourm    .   g - +0 buckler
rNeg     . . .     Faith    .   K - +1 steam dragon scales
rPois    .         Spirit   +   t - +0 helmet
rElec    .         Reflect  +   (no cloak)
rCorr    .         Harm     .   D - +0 pair of gloves
MR       .....     Clarity  +   A - +0 pair of boots
Stlth    ++++++....             G - amulet of reflection
HPRegen  0.23/turn              y - ring of flight
MPRegen  0.30/turn              p - ring of see invisible

@: wreathed by umbra
A: hooves 1, large bone plates 3, clarity, dopey 1, high mp 1, weak 1, magic
shield, magic regeneration
a: Shadow Step, Renounce Religion, Evoke Flight


You were in an ice cave.
You worshipped Dithmenos.
Dithmenos was most pleased with you.
You were not hungry.

You visited 2 branches of the dungeon, and saw 11 of its levels.
You also visited: Ice Cave.

You collected 456 gold pieces.

Inventory:

Hand Weapons
 E - the +12 Vampire's Tooth (weapon) {vamp}
   (You found it on level 5 of the Dungeon)

   It inflicts no extra harm, but heals its wielder when it wounds a living foe.
 R - a +4 scimitar of flaming
Missiles
 N - 2 throwing nets (quivered)
Armour
 g - a +0 buckler (worn)
 t - a +0 helmet (worn)
 A - a +0 pair of boots (worn)
 D - a +0 pair of gloves (worn)
 K - +1 steam dragon scales (worn)
 L - a +0 kite shield
Jewellery
 h - an uncursed ring of teleportation
 p - a ring of see invisible (right hand)
 x - an uncursed amulet of the acrobat
 y - a ring of flight (left hand)
 G - an amulet of reflection (around neck)
 Q - a +6 ring of intelligence {unknown}
Wands
 I - a wand of polymorph (8)
 M - a wand of flame (19)
 O - a wand of paralysis (10)
Scrolls
 b - 2 scrolls of blinking {unknown}
 e - 3 scrolls of immolation {unknown}
 i - 11 scrolls of identify
 l - 4 scrolls of enchant armour
 n - 4 scrolls of fog
 u - 6 scrolls of remove curse
 v - 3 scrolls of teleportation
 F - a scroll of magic mapping
 H - a scroll of noise {unknown}
 P - 2 scrolls of fear {unknown}
Potions
 a - 2 potions of degeneration
 d - 3 potions of magic
 j - 2 potions of curing
 k - 2 potions of haste
 m - a potion of berserk rage
 r - 3 potions of might
 w - a potion of stabbing
 z - 6 potions of heal wounds {unknown}
 C - 5 potions of flight {unknown}
Comestibles
 c - 26 rations


   Skills:
 - Level 6.5 Fighting
 - Level 7.3(8.4) Short Blades
 - Level 6.3(7.9) Long Blades
 - Level 1.7 Armour
 + Level 6.1 Dodging
 + Level 10.3 Stealth
 + Level 8.0 Shields
 - Level 3.0 Spellcasting
 + Level 2.1 Invocations


You had 16 spell levels left.
You didn't know any spells.
Your spell library contained the following spells:

 Spells                   Type           Power        Failure   Level  Hunger
 Corona                   Hex            #......      28%         1    #......
 Summon Small Mammal      Summ           #...         28%         1    #......
 Call Imp                 Summ           #.......     38%         2    ###....
 Ensorcelled Hibernation  Hex/Ice        #.....       38%         2    ###....
 Call Canine Familiar     Summ           #.......     63%         3    ###....
 Confusing Touch          Hex            #.......     63%         3    ###....
 Dazzling Flash           Conj/Hex       #.....       63%         3    ###....
 Gell's Gravitas          Tloc           #.........   63%         3    ###....
 Summon Guardian Golem    Hex/Summ       #.......     63%         3    ###....
 Tukima's Dance           Hex            #.......     63%         3    ###....
 Petrify                  Tmut/Erth      #.......     95%         4    #####..
 Summon Ice Beast         Ice/Summ       #.......     95%         4    #####..
 Summon Lightning Spire   Summ/Air       #.......     95%         4    #####..
 Metabolic Englaciation   Hex/Ice        #.........   100%        5    ######.
 Yara's Violent Unravell  Hex/Tmut       #.........   100%        5    ######.


Dungeon Overview and Level Annotations

Branches:
Dungeon (10/15)            Temple (0/1) D:4            Lair (1/6) D:8
  IceCv (1/1)
    Orc: D:9-12

Altars:
Ashenzari
Cheibriados
Dithmenos
Fedhas
Okawaru
Sif Muna
Trog
Vehumet
Wu Jian
Zin
The Shining One

Annotations:
D:9 1 runed translucent door IceCv exclusion: ice statue


Innate Abilities, Weirdness & Mutations

You have large cloven feet.
You are completely covered in large bone plates. (SH +8)
When hurt, damage is shared between your health and your magic reserves.
You regenerate magic rapidly.
You possess an exceptional clarity of mind.
You are dopey. (Int -2)
You have an increased reservoir of magic. (+10% MP)
You are weak. (Str -2)


Message History

You block the polar bear's attack. x2
You hit the polar bear.
You feel better.
The polar bear is lightly wounded.
Aiming: Shadow Step
Press: ? - help, Dir - move target cursor, f - polar bear
Aim: a polar bear (lightly wounded, durably summoned, berserk, umbra)
You step into the polar bear's shadow.
You block the polar bear's attack. The polar bear completely misses you.
You block the polar bear's attack. The polar bear bites you!!
* * * LOW HITPOINT WARNING * * *
The polar bear closely misses you. The polar bear barely misses you.
The polar bear rages.
The polar bear bites you!
* * * LOW HITPOINT WARNING * * *
You block the polar bear's attack. x2
The ogre rages.
You barely miss the polar bear.
The polar bear is lightly wounded.
The polar bear bites you!!
You die...

### #..## #....##
##......# #### ##........
##..## #### #.........
##....#####..####........
#.......##...@##.........
#.∩.∩.......#hhh.........
#..........###Oh.........
##....##..## ###.........
##..###### ##........
#### 8.......# #.......#
#.....# .....#


You could see 4 polar bears and an ogre (berserk).

Vanquished Creatures
  Harold (D:7)
  A hydra (Lair:1)
  Erica (D:9)
  3 two-headed ogres
  Joseph (D:9)
  An ice statue (IceCv)
  A gargoyle (D:10)
  The ghost of barney the Transmogrifier, a novice DrTm (D:5)
  Maggie (D:7)
  A rime drake (IceCv)
  A komodo dragon (Lair:1)
  A troll (D:8)
  9 polar bears
  A hornet (D:8)
  A hippogriff (D:8)
  A human (D:10)
  4 hogs (D:10)
  5 hungry ghosts
  Menkaure (D:7)
  A water moccasin (Lair:1)
  4 black bears
  18 ice beasts
  2 sky beasts
  An orc warrior (D:8)
  A wolf (D:8)
  A necrophage (D:6)
  11 ogres
  3 phantoms
  4 centaurs
  A crocodile (D:10)
  2 big kobolds (D:9)
  5 bullfrogs
  A wyvern zombie (D:10)
  A water moccasin skeleton (D:3)
  6 scorpions
  12 killer bees
  4 wights (D:6)
  5 electric eels
  8 howler monkeys
  A crimson imp (D:5)
  4 bullfrog zombies
  9 hounds
  A quasit (D:10)
  4 orc priests
  2 jellies
  2 bullfrog skeletons
  Jessica (D:4)
  2 iguanas (D:8)
  6 orc wizards
  A statue (D:6)
  6 worker ants
  A killer bee zombie (D:8)
  2 hound skeletons
  A howler monkey skeleton (D:8)
  14 adders
  4 gnolls
  4 shadow imps
  12 white imps (Lair:1)
  An ooze (D:4)
  An adder zombie (D:8)
  2 adder skeletons
  4 worms (D:2)
  3 dart slugs
  6 leopard geckos
  25 orcs
  11 bats
  7 giant cockroaches
  12 goblins
  7 hobgoblins
  18 jackals
  3 quokkas
  5 frilled lizards
  A jackal zombie (D:6)
  16 kobolds
  A leopard gecko skeleton (D:7)
  3 rats
330 creatures vanquished.

Notes
Turn   | Place    | Note
-------+----------+-------------------------------------------
     0 | D:1      | solopath the Demonspawn Berserker began the quest for the
                  | Orb.
     0 | D:1      | Reached XP level 1. HP: 18/18 MP: 1/1
   254 | D:1      | Gained mutation: You are partially covered in large bone
                  | plates. (SH +4) [demonic ancestry]
   254 | D:1      | Reached XP level 2. HP: 11/24 MP: 2/2
   776 | D:1      | Reached skill level 1 in Shields
  1248 | D:2      | Reached XP level 3. HP: 29/29 MP: 3/3
  1655 | D:2      | Reached ** piety under Trog
  2317 | D:2      | Gained mutation: You have large cloven feet. [demonic
                  | ancestry]
  2317 | D:2      | Reached XP level 4. HP: 35/35 MP: 4/4
  3759 | D:3      | Reached XP level 5. HP: 34/41 MP: 5/5
  4065 | D:4      | Found a staircase to the Ecumenical Temple.
  4373 | D:4      | Found a bloodstained altar of Trog.
  4378 | D:4      | Found a glowing silver altar of Zin.
  4383 | D:4      | Found a snail-covered altar of Cheibriados.
  4427 | D:4      | Found an ornate altar of the Wu Jian Council.
  4495 | D:4      | Noticed an ogre
  4502 | D:4      | Killed an ogre
  4502 | D:4      | Reached skill level 5 in Long Blades
  4502 | D:4      | Gained mutation: You are mostly covered in large bone
                  | plates. (SH +6) [demonic ancestry]
  4502 | D:4      | Reached XP level 6. HP: 47/47 MP: 6/6
  4991 | D:4      | Noticed Jessica
  4997 | D:4      | Killed Jessica
  5008 | D:4      | Found a shimmering blue altar of Sif Muna.
  5133 | D:5      | Entered Level 5 of the Dungeon
  5523 | D:5      | Gained mutation: You are completely covered in large bone
                  | plates. (SH +8) [demonic ancestry]
  5523 | D:5      | Reached XP level 7. HP: 38/52 MP: 7/7
  5680 | D:5      | Reached *** piety under Trog
  5719 | D:5      | Reached skill level 5 in Shields
  5765 | D:5      | Found the +12 Vampire's Tooth {vamp}
  6003 | D:5      | Reached skill level 1 in Stealth
  6104 | D:5      | Reached skill level 1 in Short Blades
  6143 | D:5      | Found a runed translucent gate.
  6143 | D:5      | Found a runed translucent gate.
  6143 | D:5      | Found a runed translucent gate.
  6155 | D:5      | Noticed barney's ghost (novice DrTm)
  6172 | D:5      | Killed barney's ghost
  6172 | D:5      | Reached skill level 3 in Stealth
  6172 | D:5      | Gained mutation: When hurt, damage is shared between your
                  | health and your magic reserves. [demonic ancestry]
  6172 | D:5      | Reached XP level 8. HP: 58/58 MP: 8/8
  6493 | D:6      | Reached skill level 4 in Stealth
  6506 | D:6      | Found an iron altar of Okawaru.
  6574 | D:6      | Reached skill level 5 in Stealth
  6594 | D:6      | Reached skill level 5 in Short Blades
  6594 | D:6      | Reached XP level 9. HP: 63/63 MP: 7/9
  6626 | D:6      | Reached **** piety under Trog
  6724 | D:6      | Found a shadowy altar of Dithmenos.
  6871 | D:6      | Found a radiant altar of Vehumet.
  6909 | D:6      | Reached skill level 6 in Stealth
  7111 | D:6      | Fell from the grace of Trog
  7111 | D:6      | Became a worshipper of Dithmenos the Shadowed
  7158 | D:7      | Noticed Maggie
  7179 | D:7      | Killed Maggie
  7208 | D:7      | Noticed Menkaure
  7219 | D:7      | Killed Menkaure
  7293 | D:7      | Found a shattered altar of Ashenzari.
  7305 | D:7      | Reached skill level 7 in Stealth
  7473 | D:7      | Found a blossoming altar of Fedhas.
  7500 | D:7      | Noticed Harold
  7510 | D:7      | Killed Harold
  7510 | D:7      | Reached skill level 8 in Stealth
  7553 | D:7      | Gained mutation: You regenerate magic rapidly. [demonic
                  | ancestry]
  7553 | D:7      | Reached XP level 10. HP: 66/70 MP: 8/10
  7745 | D:8      | Reached * piety under Dithmenos
  7764 | D:8      | Noticed a two-headed ogre
  7779 | D:8      | Killed a two-headed ogre
  7836 | D:8      | Noticed a two-headed ogre
  7848 | D:8      | Killed a two-headed ogre
  7852 | D:8      | Found a glowing golden altar of the Shining One.
  8105 | D:8      | Reached skill level 9 in Stealth
  8136 | D:8      | Reached skill level 5 in Fighting
  8158 | D:8      | Reached ** piety under Dithmenos
  8246 | D:8      | Found a staircase to the Lair.
  8398 | D:8      | Reached XP level 11. HP: 80/80 MP: 11/11
  8958 | D:9      | Noticed Erica
  8963 | D:9      | Killed Erica
  8963 | D:9      | Reached skill level 1 in Spellcasting
  9352 | D:9      | Found a runed translucent door.
  9352 | D:9      | Noticed a stone giant
  9352 | D:9      | Noticed a deep troll earth mage
  9353 | D:9      | Noticed a centaur warrior
  9353 | D:9      | Noticed a stone giant
  9354 | D:9      | Noticed a frost giant
  9354 | D:9      | Noticed an ettin
  9429 | D:9      | Noticed Joseph
  9449 | D:9      | Killed Joseph
  9876 | D:9      | Reached skill level 5 in Dodging
  9878 | D:9      | Gained mutation: You have an increased reservoir of magic.
                  | (+10% MP) [potion of mutation]
  9878 | D:9      | Gained mutation: You are weak. (Str -2) [potion of
                  | mutation]
  9878 | D:9      | Gained mutation: You are dopey. (Int -2) [potion of
                  | mutation]
  9878 | D:9      | Gained mutation: You possess an exceptional clarity of
                  | mind. [potion of mutation]
 10074 | D:10     | Entered Level 10 of the Dungeon
 10161 | D:10     | Paralysed by Trog for 5 turns
 10294 | D:10     | Noticed a two-headed ogre
 10321 | D:10     | Killed a two-headed ogre
 10632 | D:10     | Reached *** piety under Dithmenos
 11196 | Lair:1   | Entered Level 1 of the Lair of Beasts
 11220 | Lair:1   | Noticed a six-headed hydra
 11231 | Lair:1   | Killed a six-headed hydra
 11259 | Lair:1   | Reached skill level 10 in Stealth
 11263 | Lair:1   | Found a frozen archway.
 11335 | IceCv    | Entered an ice cave
 11411 | IceCv    | Reached skill level 1 in Invocations
 11658 | IceCv    | Mangled by a polar bear

Illustrated notes

Levels and vault maps discovered:
D:1:      tarquinn_simple_flora_water_e, layout_basic
D:2:      layout_basic, serial_curves, eino_curves_02, eino_curves_03
D:3:      layout_basic
D:4:      layout_basic, tgw_sif, minmay_overflow_temple_star_quad,
          old_standard_altar, temple_pool_b, first_ration
D:5:      minmay_clustersquares, layout_loops_ring, ebering_ghost_rock_garden
D:6:      layout_rooms, vehumet_statue, lemuel_coloured_pillars_altar,
          basic_altar
D:7:      layout_rooms, fedhas_ov_isle_minmay, overflow_temple_1_default,
          uniq_harold, uniq_menkaure, uniq_maggie
D:8:      minmay_thinvault, layout_loops_ring, tso_metal_star, erik_lair_island
D:9:      minmay_gate_of_8, layout_basic, uniq_erica, uniq_joseph
D:10:     layout_basic, grunt_livestock, kennysheep_generic_room_15
Lair:1:   layout_regular_city, portal_ice_cave_entry_imps, uniq_urug,
          uniq_nergalle
IceCv:    ice_cave_small_dragons

Skill      XL: |  1  2  3  4  5  6  7  8  9 10 11 |
---------------+----------------------------------+-----
Long Blades    | 3 4 5 6 |  6.3
Shields        | 1 2 3 4 5 6 8 |  8.0
Stealth        | 3 5 8 9 10 | 10.3
Short Blades   | 2 5 7 |  7.3
Dodging        | 4 6 |  6.1
Fighting       | 5 6 |  6.5
Spellcasting   | 3 |  3.0
Invocations    | 2 |  2.1
Armour         | |  1.7

Action                   |  1- 3 |  4- 6 |  7- 9 | 10-12 || total
-------------------------+-------+-------+-------+-------++-------
Melee: Falchion          |   159 |   222 |    48 |       ||   429
       Kick              |       |    34 |       |       ||    34
       Quick blade       |       |       |   203 |   794 ||   997
Invok: Berserk           |     1 |     4 |     4 |       ||     9
       Shadow Step       |       |       |       |     2 ||     2
 Abil: Evoke Flight      |       |     1 |       |       ||     1
  Use: Scroll            |     3 |       |       |     5 ||     8
       Potion            |       |       |       |     9 ||     9
 Stab: Sleeping          |     2 |       |     4 |    21 ||    27
       Invisible         |       |       |       |    10 ||    10
  Eat: Chunk             |     5 |    13 |     9 |     9 ||    36
       Ration            |       |     1 |       |     2 ||     3
Armor: Animal skin       |    46 |    34 |     8 |       ||    88
       Leather armour    |       |       |     6 |       ||     6
       Steam dragon scal |       |       |     3 |    44 ||    47
Dodge: Dodged            |   131 |   138 |    36 |   158 ||   463
Block: Other             |    25 |    18 |       |       ||    43
       Buckler           |       |    85 |    84 |   339 ||   508
       Reflection        |       |       |       |    14 ||    14
       Rpst.: Falchion   |    32 |    39 |     5 |       ||    76
